 Dungeon Crawl Stone Soup version 0.21.1-1-g345015fe64 (console) character file.

22310 KingHarkinian the Severer (level 12, -3/165 HPs)
             Began as a Minotaur Fighter on Apr 20, 2018.
             Was a High Priest of Trog.
             Slain by an 11-headed hydra (7 damage)
             ... on level 12 of the Dungeon on Apr 26, 2018.
             The game lasted 01:47:26 (14561 turns).

KingHarkinian the Severer (Minotaur Fighter)       Turns: 14561, Time: 01:47:26

Health: -3/165     AC:  7    Str: 29    XL:     12   Next: 61%
Magic:  11/11      EV: 13    Int:  5    God:    Trog [*****.]
Gold:   668        SH: 12    Dex: 12    Spells: 11/11 levels left

rFire    + . .     SeeInvis .   v - +4 broad axe {elec, rElec rF+ Stlth+}
rCold    + . .     Gourm    .   c - +0 shield
rNeg     . . .     Faith    .   y - +5 ring mail "Osa Ets" {rC+}
rPois    .         Spirit   .   (helmet restricted)
rElec    +         Reflect  .   (no cloak)
rCorr    +         Harm     .   (no gloves)
MR       .....                  (no boots)
Stlth    ..........             (no amulet)
HPRegen  0.37/turn              g - ring of resist corrosion
MPRegen  0.12/turn              (no ring)

@: berserking (expiring), barbed spikes, corroded, starving, very quick
A: retaliatory headbutt, horns 2
a: Berserk, Trog's Hand, Brothers in Arms, Burn Spellbooks, Renounce Religion


You were on level 12 of the Dungeon.
You worshipped Trog.
Trog was extremely pleased with you.
You were starving.

You visited 2 branches of the dungeon, and saw 13 of its levels.

You collected 668 gold pieces.


Innate Abilities, Weirdness & Mutations

You reflexively headbutt those who attack you in melee.
You have a pair of horns on your head.


   Skills:
 * Level 11.1 Fighting
 - Level 18.0 Axes
 + Level 8.3 Armour
 + Level 6.8 Dodging
 + Level 8.4 Shields


You had 11 spell levels left.
You didn't know any spells.

Inventory:

Hand Weapons
 k - a +4 broad axe of chopping
 t - a +1 flail of holy wrath
 v - the +4 broad axe of Fosuugru (weapon) {elec, rElec rF+ Stlth+} Occasionally, upon striking a foe, it will discharge some electrical energy and cause terrible harm. It protects you from fire. It insulates you from electricity. It makes you more stealthy.
 C - a +0 battleaxe of chopping
 O - a cursed -1 mace
Missiles
 a - 6 curare-tipped needles {=f}
 e - 175 stones (quivered)
 h - 12 javelins
 q - 4 tomahawks of returning
 K - 11 tomahawks
 Z - 2 throwing nets {=f}
Armour
 b - a +0 scale mail
 c - a +0 shield (worn)
 u - +0 steam dragon scales
 y - the +5 ring mail "Osa Ets" (worn) {rC+}

   It protects you from cold.
 E - a +0 plate armour
 G - a +1 ring mail of cold resistance
Jewellery
 g - a ring of resist corrosion (left hand)
 R - an uncursed amulet of magic regeneration {unknown}
Wands
 A - a wand of acid (4)
 D - a wand of digging (3)
 I - a wand of iceblast (17)
 P - a wand of paralysis (17)
 S - a wand of scattershot (6)
Scrolls
 i - 2 scrolls of fog {unknown}
 p - a scroll of immolation {!r}
 w - a scroll of amnesia {unknown}
 F - a scroll of vulnerability {unknown}
 J - 2 scrolls of fear {unknown}
 M - 2 scrolls of magic mapping
 N - 6 scrolls of remove curse
 T - 4 scrolls of teleportation {@r4}
 U - a scroll of enchant armour {unknown}
Potions
 d - 2 potions of might
 f - 4 potions of curing {@q1}
 j - a potion of resistance
 l - 3 potions of invisibility
 m - 3 potions of flight
 n - 2 potions of cancellation
 o - 2 potions of heal wounds {@q2}
 r - 3 potions of brilliance
 s - a potion of berserk rage {!q}
 x - a potion of ambrosia
 B - 2 potions of magic {unknown}
 H - a potion of haste {@q3}
 L - a potion of agility
Comestibles
 z - 17 rations

Dungeon Overview and Level Annotations

Branches:
Dungeon (12/15)            Temple (1/1) D:7            Lair (0/6) D:10
    Orc: D:9-12

Altars:
Ashenzari
Dithmenos
Elyvilon
Fedhas
Gozag
Hepliaklqana
Kikubaaqudgha
Makhleb
Nemelex Xobeh
Okawaru
Qazlal
Ru
Sif Muna
Trog
Uskayaw
Vehumet
Wu Jian
Xom
Yredelemnul
Zin
The Shining One

Shops:
D:11 *[[

Annotations:
D:7 2 transporters, 2 runed doors, exclusion: orange crystal statue
D:9 1 exclusion

# .## #############...##
#................#
#.............# .h.
#..(...((()...# ...C
#..(..(.......# #..Z#
#....(........# #..DO#
####..((.....{D..# ....p.#
#(()..(......@...# #..D##
###(##......).†....# #..z##
##.(.##)...§..).....# ##Hl.##
.(...())........>...... ##...#
##.########..####.####<..........
#.# #..# .# ######.... #.# #..#
.. ##... #.. #..# ..# ##.. #.#
#..# .. ##. ##.# #..### # ##.#
#....######.#


You could see a 11-headed hydra.


Message History

The nine-headed hydra barely misses you.
You block the nine-headed hydra's attack.
You block the nine-headed hydra's attack.
The nine-headed hydra bites you but does no damage.
The nine-headed hydra closely misses you.
The wizard casts a spell.
The wizard flickers and vanishes!
Deactivating autopickup; reactivate with Ctrl-A.
You hack one of the nine-headed hydra's heads off!
The eight-headed hydra grows two more!
You slash the ten-headed hydra!
The ten-headed hydra is severely wounded.
Your shield prevents you from hitting something.
The phantom blinks!
You chop one of the ten-headed hydra's heads off!
The nine-headed hydra grows two more!
You slash the 11-headed hydra! You headbutt the 11-headed hydra!
The 11-headed hydra is almost dead.
You barely miss something.
You hear some strange, mumbled words.
A stone arrow appears from out of thin air!
The stone arrow hits you!
* * * LOW HITPOINT WARNING * * *
You block the 11-headed hydra's attack.
The 11-headed hydra bites you but does no damage.
You block the 11-headed hydra's attack. You block the 11-headed hydra's attack.
The 11-headed hydra bites you!
You die...

Action                   |  1- 3 |  4- 6 |  7- 9 | 10-12 || total
-------------------------+-------+-------+-------+-------++-------
Melee: War axe           |    64 |    98 |       |       ||   162
       Headbutt          |     6 |    13 |    41 |    89 ||   149
       Broad axe         |       |     9 |   231 |   508 ||   748
       Flail             |       |       |       |     7 ||     7
Throw: Stone             |    68 |    72 |   163 |   391 ||   694
Invok: Burn Spellbooks   |       |       |     1 |     1 ||     2
       Berserk           |       |       |     1 |     9 ||    10
       Trog's Hand       |       |       |       |     2 ||     2
Evoke: Wand              |       |       |       |     3 ||     3
  Use: Scroll            |       |     8 |     6 |     8 ||    22
       Potion            |       |       |     1 |       ||     1
  Eat: Chunk             |     1 |     8 |    14 |    22 ||    45
       Ration            |       |       |       |     2 ||     2
Armor: Scale mail        |    18 |    48 |    20 |       ||    86
       Ring mail         |       |       |    45 |   130 ||   175
Dodge: Dodged            |    17 |    24 |    66 |   111 ||   218
Block: Shield            |    29 |    55 |    78 |   196 ||   358

Vault maps used:
D:1:      dpeg_arrival_ternary
D:2:      nicolae_overflow_quartered_altars
D:4:      kennysheep_crisscross
D:5:      nicolae_overflow_hidden_temple, first_ration, uniq_eustachio
D:6:      minmay_guarded_unrand_vampires_tooth
D:7:      gammafunk_cloud_chamber, temple_fountains, grunt_livestock,
          chequers_guarded_unrand_ignorance
D:9:      erik_orc_2, fedhas_altar_decomposition
D:10:     erik_lair_orcish_takeover, minmay_misc_feat_hallway
D:11:     hangedman_screamer, serial_shops, shop, kennysheep_mini, shop,
          uniq_urug
D:12:     minmay_triangles_in_corner
Temple:   nicolae_temple_x_marks_the_god

Notes
Turn   | Place    | Note
-------+----------+-------------------------------------------
     0 | D:1      | KingHarkinian the Minotaur Fighter began the quest for the Orb.
     0 | D:1      | Reached XP level 1. HP: 19/19 MP: 0/0
   435 | D:1      | Reached skill level 3 in Axes
   603 | D:2      | Reached XP level 2. HP: 26/26 MP: 1/1
   654 | D:2      | Reached skill level 4 in Axes
   747 | D:2      | Reached XP level 3. HP: 26/31 MP: 2/2
  1094 | D:2      | Reached skill level 5 in Axes
  1237 | D:2      | Reached XP level 4. HP: 29/39 MP: 3/3
  1498 | D:2      | Found an opulent altar of Gozag.
  1530 | D:2      | Found a bloodstained altar of Trog.
  1534 | D:2      | Became a worshipper of Trog the Wrathful
  1545 | D:2      | Found a glowing golden altar of the Shining One.
  1579 | D:2      | Found a white marble altar of Elyvilon.
  1704 | D:3      | Noticed a black bear
  1939 | D:3      | Reached skill level 6 in Axes
  1940 | D:3      | Reached XP level 5. HP: 34/45 MP: 4/4
  1949 | D:3      | Reached skill level 7 in Axes
  2684 | D:4      | Identified a potion of resistance
  2723 | D:4      | Reached * piety under Trog
  2724 | D:4      | Reached XP level 6. HP: 49/51 MP: 5/5
  2853 | D:4      | Reached skill level 8 in Axes
  3466 | D:5      | Entered Level 5 of the Dungeon
  3521 | D:5      | Reached skill level 9 in Axes
  3571 | D:5      | Noticed a sky beast
  3574 | D:5      | Got a crude broad axe
  3581 | D:4      | Identified the +4 broad axe of Fosuugru {elec, rElec rF+ Stlth+} (You found it on level 5 of the Dungeon)
  3590 | D:4      | Killed a sky beast
  3590 | D:4      | Reached XP level 7. HP: 32/57 MP: 6/6
  3873 | D:5      | Noticed Eustachio
  3996 | D:5      | Reached skill level 10 in Axes
  4021 | D:4      | Killed Eustachio
  4308 | D:5      | Reached skill level 11 in Axes
  4325 | D:5      | Reached XP level 8. HP: 41/64 MP: 7/7
  4353 | D:5      | Reached ** piety under Trog
  4604 | D:5      | Found an iron altar of Okawaru.
  4738 | D:6      | Got a twisted ring mail
  4749 | D:6      | Identified the +5 ring mail "Osa Ets" {rC+} (You found it on level 6 of the Dungeon)
  4803 | D:6      | Reached skill level 12 in Axes
  5442 | D:6      | Reached skill level 13 in Axes
  5626 | D:6      | Found the +4 Vampire's Tooth {vamp}
  6223 | D:7      | Reached XP level 9. HP: 67/70 MP: 8/8
  6345 | D:7      | Reached *** piety under Trog
  6511 | D:7      | Found a transporter.
  6534 | D:7      | Found a staircase to the Ecumenical Temple.
  6565 | D:7      | Noticed an orange crystal statue
  6586 | D:7      | Found a runed door.
  6633 | D:7      | Found a runed door.
  6987 | D:7      | Reached skill level 14 in Axes
  7280 | D:7      | Found a transporter.
  7332 | D:7      | Reached skill level 15 in Axes
  7562 | D:7      | Found the +10 large shield of Ignorance {rN+ Int-4}
  7627 | Temple   | Entered the Ecumenical Temple
  7960 | D:8      | Reached skill level 16 in Axes
  7962 | D:8      | Noticed matti1234's ghost (novice FoAM)
  7971 | D:8      | Killed matti1234's ghost
  7971 | D:8      | Reached XP level 10. HP: 77/77 MP: 9/9
  8167 | D:8      | Reached **** piety under Trog
  8378 | D:8      | Reached skill level 17 in Axes
  9686 | D:9      | Reached skill level 18 in Axes
  9779 | D:9      | Noticed a two-headed ogre
  9909 | D:9      | Reached skill level 4 in Fighting
 10098 | D:9      | Reached skill level 1 in Dodging
 10140 | D:9      | Reached skill level 4 in Armour
 10140 | D:9      | Reached skill level 4 in Shields
 10144 | D:9      | Found a blossoming altar of Fedhas.
 10672 | D:10     | Entered Level 10 of the Dungeon
 10762 | D:10     | Killed an unseen horror
 10762 | D:10     | Reached skill level 5 in Fighting
 10762 | D:10     | Reached skill level 2 in Dodging
 10762 | D:10     | Reached XP level 11. HP: 69/86 MP: 10/10
 10884 | D:10     | Reached ***** piety under Trog
 11036 | D:10     | Reached skill level 6 in Fighting
 11104 | D:10     | Reached skill level 5 in Shields
 11144 | D:10     | Found a staircase to the Lair.
 11167 | D:10     | Reached skill level 5 in Armour
 11169 | D:10     | Reached skill level 3 in Dodging
 11462 | D:10     | Reached skill level 7 in Fighting
 11937 | D:11     | Received a gift from Trog
 11962 | D:11     | Found Lics's Assorted Antiques.
 11962 | D:11     | Noticed a two-headed ogre
 12085 | D:11     | Found Yhogo's Antique Armour Shoppe.
 12150 | D:11     | Noticed Urug
 12157 | D:11     | Killed Urug
 12157 | D:11     | Reached skill level 4 in Dodging
 12157 | D:11     | Reached skill level 6 in Shields
 12291 | D:11     | Reached skill level 6 in Armour
 12375 | D:11     | Reached skill level 8 in Fighting
 12533 | D:11     | Killed a two-headed ogre
 12833 | D:11     | Reached skill level 5 in Dodging
 12847 | D:11     | Reached skill level 9 in Fighting
 12852 | D:11     | Reached skill level 7 in Shields
 12856 | D:11     | Reached XP level 12. HP: 91/104 MP: 11/11
 12981 | D:11     | Reached skill level 7 in Armour
 13401 | D:11     | Found Tel Dudoa's Armour Boutique.
 13643 | D:12     | Noticed a six-headed hydra
 13650 | D:12     | Killed a six-headed hydra
 13650 | D:12     | Reached skill level 10 in Fighting
 13691 | D:12     | Reached skill level 6 in Dodging
 14096 | D:12     | Noticed an ogre mage
 14106 | D:12     | Killed an ogre mage
 14106 | D:12     | Reached skill level 8 in Shields
 14198 | D:12     | Reached skill level 8 in Armour
 14220 | D:12     | Noticed a six-headed hydra
 14220 | D:12     | Noticed a two-headed ogre
 14544 | D:12     | Killed a two-headed ogre
 14546 | D:12     | Reached skill level 11 in Fighting
 14547 | D:12     | Received a gift from Trog
 14561 | D:12     | HP: 4/165 [something/stone arrow (18)]
 14561 | D:12     | Slain by an 11-headed hydra

Vanquished Creatures
  An ogre mage (D:12)
  A hydra (D:12)
  2 two-headed ogres
  The ghost of matti1234 the Jinx, a novice FoAM of Ru (D:8)
  Urug (D:11)
  A skeletal warrior (D:11)
  An unseen horror (D:10)
  2 manticores (D:12)
  A cyclops (D:11)
  4 flying skulls (D:11)
  7 shadows
  2 wraiths (D:11)
  18 yaks
  Eustachio (D:4)
  A human (D:7)
  A vampire (D:11)
  4 hogs (D:7)
  A hungry ghost (D:11)
  A steam dragon (D:11)
  4 vampire mosquitoes (D:12)
  3 wargs (D:10)
  2 acid dragons (D:12)
  A water moccasin (D:8)
  3 sky beasts
  5 orc warriors
  A hornet zombie (D:12)
  4 ice beasts
  A black bear (D:2)
  3 phantoms
  12 centaurs
  3 necrophages (D:9)
  6 ogres
  A crocodile (D:8)
  A big kobold (D:7)
  12 bullfrogs
  2 gnoll sergeants
  5 jellies
  A wyvern skeleton (D:10)
  A water moccasin skeleton (D:11)
  2 scorpions
  8 wights
  7 howler monkeys
  2 vampire bats (D:6)
  5 crimson imps
  6 bullfrog zombies
  2 centaur zombies
  A quasit (D:9)
  7 centaur skeletons
  22 orc wizards
  17 orc priests
  5 bullfrog skeletons
  7 hounds
  3 iguanas
  15 worker ants
  2 hound zombies
  A hound skeleton (D:11)
  2 worker ant zombies (D:11)
  2 howler monkey zombies
  9 gnolls
  10 adders
  A howler monkey skeleton (D:11)
  An ooze (D:2)
  2 adder skeletons
  2 adder zombies (D:9)
  5 leopard geckos
  86 orcs
  2 ball pythons (D:2)
  6 giant cockroaches
  6 goblins
  4 hobgoblins
  13 jackals
  10 kobolds
  A quokka (D:7)
  7 bats
  11 frilled lizards
  A leopard gecko skeleton (D:8)
  A quokka skeleton (D:6)
  6 rats
  2 plants (D:9)
424 creatures vanquished.

Vanquished Creatures (others)
  6 bushes (D:9)
  13 plants
19 creatures vanquished.

Grand Total: 443 creatures vanquished
